 Dungeon Crawl Stone Soup version 0.31-a0-836-g3ceb0a68c4 (webtiles) character file.

Game seed: 8141506875765447992

63 mcwallace the Sneak (level 3, 0/20 HPs)
             Began as a Vampire Enchanter on Sept 27, 2023.
             Slain by an orc
             ... wielding a +0 hand axe
              (2 damage)
             ... on level 2 of the Dungeon.
             The game lasted 00:01:57 (1730 turns).

mcwallace the Sneak (Vampire Enchanter)             Turns: 1730, Time: 00:01:58

Health: 0/20       AC:  2    Str:  7    XL:     3   Next: 89%
Magic:  6/6        EV: 13    Int: 17    God:
Gold:   114        SH:  0    Dex: 16    Spells: 6/6 levels left

rFire   . . .        a - +1 dagger {short}
rCold   + + .        (no shield)
rNeg    + + +        b - +0 robe
rPois   ∞            (no helmet)
rElec   .            (no cloak)
rCorr   .            (no gloves)
SInv    +            (no boots)
Will    .....        (no amulet)
Stlth   +++++        (no ring)
HPRegen 0.00/turn    (no ring)
MPRegen 0.10/turn

%: no passive effects
@: bloodless, inhibited regen
A: bloodless, fangs 3, see invisible, vampiric 2
a: Bat Form, Revivify


You were on level 2 of the Dungeon.
You visited 1 branch of the dungeon, and saw 2 of its levels.

You collected 114 gold pieces.


Innate Abilities, Weirdness & Mutations

You do not regenerate when monsters are visible.
You are frail without blood (-20% HP).
You can heal yourself when you bite living creatures.
You are immune to poison.
You have razor-sharp teeth.
You have supernaturally acute eyesight. (SInv)
You are afflicted with vampirism and can become a bat while bloodless.


   Skills:
 + Level 1.0 Fighting
 + Level 2.0 Short Blades
 + Level 2.8 Dodging
 + Level 5.0 Stealth
 + Level 2.4 Spellcasting
 + Level 4.9 Hexes


You had 6 spell levels left.
You didn't know any spells.
Your spell library contained the following spells:

 Spells                   Type           Power      Damage    Failure   Level
 Confusing Touch          Hex            18%        N/A       8%          3
 Tukima's Dance           Hex            18%        N/A       8%          3
 Ensorcelled Hibernation  Hex/Ice        20%        N/A       11%         2
 Dazzling Flash           Conj/Hex       20%        N/A       21%         3

Inventory:

Hand Weapons
 a - a +1 dagger (weapon) {short}
Missiles
 i - 16 stones {throwing}
Armour
 b - a +0 robe (worn)
 h - a +0 robe
   (You found it on level 1 of the Dungeon)
 j - a +0 ring mail
   (You found it on level 1 of the Dungeon)
 l - a +0 ring mail
   (You took it off a goblin on level 2 of the Dungeon)
 m - a +0 leather armour
   (You found it on level 2 of the Dungeon)
Scrolls
 d - a scroll of enchant weapon {unknown}
 e - 2 scrolls of teleportation {unknown}
 f - a scroll of immolation {unknown}
 g - a scroll of identify {unknown}
 k - a scroll of fog {unknown}
Potions
 c - 2 potions of invisibility

Dungeon Overview and Level Annotations

Branches:
Dungeon (2/15) Zot: 10281

Altars:
..# ## #.# . #.# # #.#.#.# .#.#. .oo

###### #o# ...>.# #@# .
####.# #######.######...
#.# .................
#.###########.####...~~
####.............#... .⌠~~
..........########.##...~~
#########.#.......).......
#.#.####.#.###....
#.#......#.# .


You could see an orc priest and 2 orcs.


Message History

😨 HP[-1]
You take 1 damage, and now have 9/20 hp.
You hit the jackal.
You kill the jackal!
The jackal bites you but does no damage.
The jackal bites you but does no damage. x2
You hit the jackal.
The jackal bites you but does no damage.
You hit the jackal but do no damage. The jackal misses you.
You hit the jackal but do no damage. The jackal closely misses you.
The jackal barely misses you.
You hit the jackal. The jackal barely misses you.
You closely miss the jackal. The jackal closely misses you.
You completely miss the jackal. Your bite misses the jackal.
The jackal bites you.
* * * LOW HITPOINT WARNING * * *
😨 HP[-2]
You take 2 damage, and now have 7/20 hp.
You barely miss the jackal. The jackal misses you.
The jackal barely misses you.
You completely miss the jackal. The jackal bites you.
* * * LOW HITPOINT WARNING * * *
😱 HP[-2]
You take 2 damage, and now have 5/20 hp.
You hit the jackal.
You kill the jackal!
You see here a jackal corpse.
You now have 114 gold pieces (gained 12).
You see here a jackal corpse.
Key pressed, stopping explore.
Key pressed, stopping explore.
Key pressed, stopping explore.
m - a +0 leather armour Key pressed, stopping explore.
Key pressed, stopping explore.
Key pressed, stopping explore.
An orc priest and an orc come into view.
The orc is wielding a +2 vampiric short sword. 😎 HP[+15]
Your hp is fully restored (20).
The orc shouts!
The orc priest shouts!
You hear a shout! x3
An orc comes into view. It is wielding a +0 club.
The orc misses you.
You barely miss the orc. Your bite misses the orc. The orc misses you.
You hit the orc. The orc closely misses you.
You hit the orc. The orc barely misses you.
You hit the orc.
You kill the orc!
An orc comes into view. It is wielding a +0 club.
Your Short Blades skill increases to level 2!
You closely miss the orc. You bite the orc, but do no damage.
The orc hits you with a +0 club. 😮 HP[-5]
You take 5 damage, and now have 15/20 hp.
MASSIVE DAMAGE!! (PAUSE)
You are too injured to fight recklessly!
You are too injured to fight recklessly!
You are too injured to fight recklessly!
You are too injured to fight recklessly!
You hit the orc but do no damage. The orc completely misses you.
You hit the orc. The orc hits you but does no damage.
You hit the orc. The orc misses you.
You hit the orc but do no damage. The orc closely misses you.
You barely miss the orc. The orc closely misses you.
You hit the orc. Your bite misses the orc. You hit the orc but do no damage.
The orc barely misses you.
You hit the orc but do no damage. The orc barely misses you.
You barely miss the orc.
An orc comes into view. It is wielding a +0 hand axe.
The orc hits you with a +0 club. 😮 HP[-3]
You take 3 damage, and now have 12/20 hp.
The orc shouts!
You hit the orc but do no damage. The orc hits you with a +0 club.
* * * LOW HITPOINT WARNING * * *
😨 HP[-3]
You take 3 damage, and now have 9/20 hp.
You closely miss the orc. The orc barely misses you.
You barely miss the orc. The orc barely misses you.
You closely miss the orc. The orc hits you with a +0 club.
* * * LOW HITPOINT WARNING * * *
😨 HP[-1]
You take 1 damage, and now have 8/20 hp.
You hit the orc but do no damage. The orc hits you but does no damage.
You barely miss the orc. The orc barely misses you.
You hit the orc but do no damage. You hit the orc but do no damage.
You bite the orc, but do no damage. You hit the orc. You closely miss the orc.
Your bite misses the orc. The orc hits you with a +0 hand axe.
* * * LOW HITPOINT WARNING * * *
😨 HP[-2]
You take 2 damage, and now have 6/20 hp.
You barely miss the orc. You bite the orc, but do no damage.
The orc hits you with a +0 hand axe.
* * * LOW HITPOINT WARNING * * *
😱 HP[-4]
You take 4 damage, and now have 2/20 hp.
You barely miss the orc. The orc hits you with a +0 hand axe.
You die...

Skill      XL: |  1  2  3 |
---------------+----------+-----
Fighting       | 1 |  1.0
Stealth        | 5 |  5.0
Short Blades   | 2 |  2.0
Dodging        | |  2.8
Spellcasting   | |  2.4
Hexes          | |  4.9

Action                     || total
---------------------------++-------
  Melee: Dagger            ||   146
         Bite              ||    10
         Punch             ||     1
Ability: Exsanguinate      ||     1
   Stab: Sleeping          ||    22
 Armour: Robe              ||    61
  Dodge: Dodged            ||    76

Levels and vault maps discovered:
D:1:      saegor_arrival_simple_e, layout_basic,
          chequers_ecumenical_altar_twisty, grunt_decor_mini_mirrors,
          minmay_surrounded
D:2:      layout_basic, basic_altar, serial_park_tiny_pond

Notes
Turn   | Place    | Note
-------+----------+-------------------------------------------
     0 | D:1      | mcwallace the Vampire Enchanter began the quest for the
                  | Orb.
     0 | D:1      | Reached XP level 1. HP: 13/13 MP: 3/3
     0 | D:1      | magus.rc [v1.9.6]
   166 | D:1      | Reached XP level 2. HP: 14/15 MP: 5/5
   306 | D:1      | HP: 2/15 [hobgoblin (3)]
   513 | D:1      | Found a faded altar of an unknown god.
   629 | D:1      | Gained mutation: You are afflicted with vampirism and can
                  | become a bat while bloodless. [Vampire growth]
   629 | D:1      | Reached XP level 3. HP: 14/20 MP: 6/6
  1338 | D:2      | Reached skill level 1 in Fighting
  1413 | D:2      | Reached skill level 5 in Stealth
  1492 | D:2      | HP: 5/20 [jackal (2)]
  1709 | D:2      | Reached skill level 2 in Short Blades
  1729 | D:2      | HP: 2/20 [orc/+0 hand axe (4)]
  1730 | D:2      | Slain by an orc

Vanquished Creatures
  An adder (D:2)
  A dart slug (D:1)
  An orc (D:2)
  6 bats
  5 endoplasms
  2 giant cockroaches
  2 hobgoblins
  2 jackals (D:2)
  A kobold (D:1)
  5 quokkas
  3 ball pythons
  2 frilled lizards (D:1)
  8 goblins
  8 rats
47 creatures vanquished.

Table legend:
 A = Non-vault XP
 B = Vault XP
 C = Vault XP percentage of total XP
 D = Non-vault monster count
 E = Vault monster count
 F = Vault count percentage of total count
                 A         B        C        D         E       F
            +---------+---------+-------+---------+---------+-------
      Total |      84 |       7 |   7.7 |      42 |       5 |  10.6
            +---------+---------+-------+---------+---------+-------
        D:1 |      44 |       7 |  13.7 |      27 |       5 |  15.6
        D:2 |      40 |       0 |   0.0 |      15 |       0 |   0.0
            +---------+---------+-------+---------+---------+-------

Skill      XL: |  1  2  3 |
---------------+----------+-----
Fighting       | 1 |  1.0
Stealth        | 5 |  5.0
Short Blades   | 2 |  2.0
Dodging        | |  2.8
Spellcasting   | |  2.4
Hexes          | |  4.9

Action                     || total
---------------------------++-------
  Melee: Dagger            ||   146
         Bite              ||    10
         Punch             ||     1
Ability: Exsanguinate      ||     1
   Stab: Sleeping          ||    22
 Armour: Robe              ||    61
  Dodge: Dodged            ||    76

Illustrated notes

Table legend:
 A = Kills in this place as a percentage of kills in the entire game.
 B = Kills by you in this place as a percentage of kills by you in the entire game.
 C = Kills by friends in this place as a percentage of kills by friends in the entire game.
 D = Other kills in this place as a percentage of other kills in the entire game.
 E = Experience gained in this place as a percentage of experience gained in the entire game.
 F = Experience gained in this place divided by the number of levels of this place that you have seen.
                   A       B       C       D       E      F
               +-------+-------+-------+-------+-------+----------------------
         Total | 100.0 | 100.0 |   N/A |   N/A | 100.0 |  45.5
       Dungeon | 100.0 | 100.0 |   N/A |   N/A | 100.0 |  45.5
               +-------+-------+-------+-------+-------+----------------------

Table legend: (Time is in decaauts)
 A = Elapsed time spent in this place.
 B = Non-inter-level travel time spent in this place.
 C = Inter-level travel time spent in this place.
 D = Time resting spent in this place.
 E = Time spent auto-exploring this place.
 F = Levels seen in this place.
 G = Mean time per level.
                   A        B        C        D        E       F      G
               +--------+--------+--------+--------+--------+-----+--------+
         Total |   1717 |   1701 |     16 |      0 |   1387 |   2 |  858.5 |
       Dungeon |   1717 |   1701 |     16 |      0 |   1387 |   2 |  858.5 |
               +--------+--------+--------+--------+--------+-----+--------+

Top non-repeatable levels by time:
     D:1: 1032 daAuts
     D:2: 685 daAuts
